Cogmind - Beta 13 *** ADVENTURER MODE // 2024.04.08 @ 23:21:22 Player: Iris Result: Destroyed by D-53 Grenadier with Mini Grenade Launcher Performance ------------- Evolutions (0) 0 Regions Visited (2) 400 Robots Destroyed (18) 90 Value Destroyed (206) 206 Prototype IDs (6) 120 Alien Tech Used (0) 0 Bonus (-15) -15 TOTAL SCORE: 801 Bonus ------- Friendly Fire -15 Cogmind --------- Core Integrity 0/250 Matter 203/300 Energy 100/100 System Corruption 1% Temperature Cool (0) Movement Core (100) Ox1 Location -10/Mines Parts ------- > --- POWER (1) -------- (None) > --- PROPULSION (2) --- (None) > --- UTILITY (2) ------ Small Storage Unit > --- WEAPON (2) ------- (None) > --- INVENTORY (8) ---- Armored Wheel Armored Wheel Weight Redist. System Sensor Array ECM Suite Datajack Peak State ------------ > --- POWER ------------ Light Ion Engine > --- PROPULSION ------- Armored Wheel Armored Wheel > --- UTILITY ---------- Small Storage Unit Medium Armor Plating > --- WEAPON ----------- Medium Laser Light Assault Rifle > --- INVENTORY -------- Light Ion Engine Aluminum Leg Aluminum Leg Armored Wheel Armored Wheel Weight Redist. System Grenade Launcher [Rating: 11] Favorites ----------- Power Light Ion Engine Engine Light Ion Engine Propulsion Armored Wheel Wheel Armored Wheel Utility Small Storage Unit Storage Small Storage Unit Processor Transport Network Coupler Protection Medium Armor Plating Weapon Medium Laser Energy Gun Medium Laser Ballistic Gun Light Assault Rifle Launcher Grenade Launcher Build | -11 -10 -10 ------- Run | Yrd Mat Min Slots Evolved . | . . . Power . | . . . Propulsion . | . . . Utility . | . . . Weapon . | . . . Parts Attached 26 | 6 15 5 Power 5 | 1 2 2 Engine 5 | 1 2 2 Core . | . . . Reactor . | . . . Propulsion 8 | 2 5 1 Treads . | . . . Leg . | . . . Wheel 8 | 2 5 1 Hover . | . . . Flight . | . . . Utility 7 | 1 5 1 Device . | . . . Storage 3 | 1 2 . Processor 1 | . 1 . Hackware . | . . . Protection 3 | . 2 1 Artifact . | . . . Weapon 6 | 2 3 1 Energy Gun 3 | 1 2 . Energy Cannon . | . . . Ballistic Gun 2 | 1 1 . Ballistic Cannon . | . . . Launcher 1 | . . 1 Special Weapon . | . . . Impact Weapon . | . . . Slashing Weapon . | . . . Piercing Weapon . | . . . Special Melee Weapon . | . . . Unidentified Prototypes . | . . . Parts Lost 10 | . 1 9 Power 3 | . 1 2 Propulsion 3 | . . 3 Utility 2 | . . 2 Weapon 2 | . . 2 Highest Loss Streak 9 | . 1 9 To Critical Strikes . | . . . Average Slot Usage (%) 90 | . 89 92 Engine 13 | . 13 14 Wheel 27 | . 26 27 Storage 14 | . 14 14 Processor 1 | . 2 . Protection 7 | . 4 14 Energy Gun 12 | . 13 10 Ballistic Gun 10 | . 13 1 Launcher 2 | . . 9 Naked Turns . | . . . Heaviest Build 22 | 11 18 22 Greatest Support 26 | 26 26 24 Greatest Overweight (x) 3 | . 3 2 Average Overweight (x) . | . . . Largest Inventory Capacity 15 | 8 15 8 Average Capacity 7 | 6 8 8 Most Carried 8 | 4 8 8 Average Carried 5 | 2 4 7 Final Capacity 8 | 8 8 8 Final Carried 7 | 3 7 6 Class Distribution -------------------- 100% | Mutant Dominant Class ---------------- Mutant | -10/Materials Mutant | -10/Mines Resources | -11 -10 -10 ----------- Run | Yrd Mat Min Matter Collected 411 | 185 176 50 Remotely . | . . . Salvage Created 400 | . 345 55 Parts 31 | . 24 7 Haulers Intercepted 2 | . 2 . Recyclers Shooed 1 | . 1 . Parts Field Recycled . | . . . Retrieved Matter . | . . . Parts Self-Destructed . | . . . Prevented . | . . . Kills | -11 -10 -10 ------- Run | Yrd Mat Min Combat Hostiles Destroyed 20 | . 11 9 Guns 12 | . 11 1 AOE 8 | . . 8 Classes Destroyed 5 | . 4 1 Tunneler 2 | . 1 1 Hauler 2 | . 2 . Swarmer 12 | . 9 3 Grunt 2 | . 2 . Assembled 6 | . . 6 Best Kill Streak 7 | . 4 7 Combat Bots Only 6 | . 3 6 Max Kills in Single Turn 3 | . 1 3 Gunslinging . | . . . Exploded 3 | . . 3 Melee . | . . . Uniques/NPCs Destroyed . | . . . Combat | -11 -10 -10 -------- Run | Yrd Mat Min Hostile Shots Fired 88 | . 55 33 Missed 16 | . 11 5 Damage Taken 1114 | 4 294 816 Core 258 | . 91 167 Absorbed by Shields . | . . . Ignored by Resistances 319 | . 91 228 Core Remaining (%) 100 | 100 . . Volleys Fired 41 | . 31 10 Largest 2 | . 2 2 Hottest 80 | . 70 80 Shots Fired 76 | . 62 14 Gun 68 | . 62 6 Cannon . | . . . Launcher 8 | . . 8 Special . | . . . Kinetic 31 | . 31 . Thermal 37 | . 31 6 Explosive 8 | . . 8 Electromagnetic . | . . . Robot Hit Streak 20 | . 20 16 Robot Miss Streak 2 | . 2 1 Penetration Max . | . . . Secondary Targets 1 | . 1 . Max Gunslinging Chain 1 | . 1 . Shots Hit Robots 57 | . 49 8 Core Hits 39 | . 22 17 Critical Kills . | . . . Critical Parts Destroyed 1 | . 1 . Critical Strikes 5 | . 5 . Burn 4 | . 4 . Destroy 1 | . 1 . Melee Attacks . | . . . Impact . | . . . Slashing . | . . . Piercing . | . . . Sneak Attacks . | . . . Combat Hostiles . | . . . Follow-up Attacks . | . . . Damage Inflicted 1164 | 9 586 569 Guns 574 | . 526 48 Cannons . | . . . Explosions 517 | . . 517 Melee . | . . . Ramming 73 | 9 60 4 Kinetic 202 | . 202 . Thermal 372 | . 324 48 Explosive 517 | . . 517 Electromagnetic . | . . . Impact . | . . . Slashing . | . . . Piercing . | . . . Highest Corruption 1 | . . 1 Average Corruption 1 | . . 1 Corruption Purged . | . . . Corruption Blocked . | . . . Overload Shots . | . . . Overflow Damage 12 | . . 12 Projectiles . | . . . Explosions 12 | . . 12 Melee . | . . . Knockbacks . | . . . Impact . | . . . Kinetic . | . . . Secondary . | . . . Self-Inflicted Damage 65 | 4 27 34 Shots 2 | . . 2 Rammed 12 | 1 10 1 Targets Rammed 12 | 1 10 1 Kicked . | . . . Crushed . | . . . Highest Temperature 141 | . 140 141 Average Temperature 49 | . 47 57 Received Heat Transfer 84 | . 24 60 Siege Activations . | . . . Robots Corrupted . | . . . Combat Hostiles . | . . . Parts Fried . | . . . Impact Corruptions . | . . . Robots Melted . | . . . Combat Hostiles . | . . . Parts Melted 3 | . 3 . Heat Transferred 1406 | . 1258 148 Parts Sabotaged . | . . . Parts Stolen . | . . . Parts Stripped . | . . . Power Chain Reactions . | . . . Alert | -11 -10 -10 ------- Run | Yrd Mat Min Peak Influence 321 | . 321 155 Initial 56 | . . 56 Average 122 | . 139 114 Maximum Alert Level 1 | . 1 . Low Security (%) 82 | 100 73 100 Level 1 17 | . 26 . Level 2 . | . . . Level 3 . | . . . Level 4 . | . . . Level 5 . | . . . High Security . | . . . Max Security . | . . . Squads Dispatched . | . . . Investigation . | . . . Extermination . | . . . Reinforcement . | . . . Assault . | . . . Garrison . | . . . Intercept . | . . . Searches Triggered . | . . . Construction Impeded . | . . . Haulers Reinforced . | . . . Active Scanning Responses . | . . . Cargo Convoy Interrupts . | . . . Stealth | -11 -10 -10 --------- Run | Yrd Mat Min Distress Signals 2 | . 2 . Communications Jammed . | . . . Distress Signals . | . . . Times Spotted 33 | . 19 14 Peak Tracking Total 7 | . 4 7 Tactical Retreats 4 | . 2 2 Traps | -11 -10 -10 ------- Run | Yrd Mat Min Traps Triggered 4 | . 4 . Indirectly . | . . . Trap Hack Attempts . | . . . Triggered . | . . . Disarmed . | . . . Reprogrammed . | . . . Reused . | . . . Traps Extracted . | . . . Installed . | . . . Triggered . | . . . Machines | -11 -10 -10 ---------- Run | Yrd Mat Min Machines Disabled . | . . . Max in Single Turn . | . . . Machines Repaired . | . . . Machines Dismantled . | . . . Machines Sabotaged . | . . . Overloaded Fab Kills . | . . . Hacking | -11 -10 -10 --------- Run | Yrd Mat Min Machines Accessed 8 | . 8 . Terminals 8 | . 8 . Fabricators . | . . . Repair Stations . | . . . Recycling Units . | . . . Scanalyzers . | . . . Garrison Access . | . . . Total Hacks 25 | . 25 . Successful 11 | . 11 . Failed 13 | . 13 . Catastrophic 2 | . 2 . Database Lockouts 1 | . 1 . Manual 16 | . 16 . Terminals 25 | . 25 . Fabricators . | . . . Repair Stations . | . . . Recycling Units . | . . . Scanalyzers . | . . . Garrison Access . | . . . Terminal Hacks 11 | . 11 . Prototype ID Bank 7 | . 7 . Branch Access Points 1 | . 1 . Surveillance Status 1 | . 1 . Transport Status 2 | . 2 . Fabricator Hacks . | . . . Repair Station Hacks . | . . . Recycling Unit Hacks . | . . . Scanalyzer . | . . . Garrison Access Hacks . | . . . Unauthorized Hacks . | . . . Terminals . | . . . Fabricators . | . . . Repair Stations . | . . . Recycling Units . | . . . Scanalyzers . | . . . Garrison Access . | . . . Data Cores Recovered . | . . . Used . | . . . Hacking Detections 6 | . 6 . Full Trace Events . | . . . Feedback Events . | . . . Feedback Blocked . | . . . Robot Schematics Acquired . | . . . Robots Built . | . . . Authchips . | . . . Time . | . . . Total Robot Build Rating . | . . . Part Schematics Acquired . | . . . Parts Built . | . . . Authchips . | . . . Time . | . . . Total Part Build Rating . | . . . Parts Repaired . | . . . Time . | . . . Parts Recycled . | . . . Recycled Matter . | . . . Retrieved Matter . | . . . Retrieved Components . | . . . Parts Scanalyzed . | . . . Part Schematics Acquired . | . . . Parts Damaged . | . . . Bothacking | -11 -10 -10 ------------ Run | Yrd Mat Min Used RIF Installer . | . . . Robots Hacked . | . . . Non-combat . | . . . Combat . | . . . Robot Hacks Applied . | . . . Relay Couplers Released . | . . . Fabnet Peak Effective % . | . . . Robots Rewired . | . . . Allies Hacked . | . . . Hacks Repelled . | . . . Allies | -11 -10 -10 -------- Run | Yrd Mat Min Total Allies . | . . . Largest Group . | . . . Highest-Rated Group . | . . . Highest-Rated Ally . | . . . Total Orders . | . . . Ally Attacks . | . . . Total Damage . | . . . Kills . | . . . Allies Corrupted . | . . . Allies Melted . | . . . Intel | -11 -10 -10 ------- Run | Yrd Mat Min Robot Analysis Total . | . . . Derelict Logs Recovered . | . . . Drone Launches . | . . . Drone Recoveries . | . . . Exploration | -11 -10 -10 ------------- Run | Yrd Mat Min Turns Passed 966 | 77 651 238 Spaces Moved 853 | 70 560 223 Core 13 | 1 9 3 Treads . | . . . Legs . | . . . Wheels 840 | 69 551 220 Hover . | . . . Flight . | . . . Fastest Speed 50 | 50 80 85 Average Speed 89 | 90 89 91 Slowest Speed 200 | 100 200 150 Overloaded Moves . | . . . Propulsion Burnouts . | . . . Robots Hopped . | . . . Cave-ins Triggered . | . . . Exploration Rate (%) 44 | 4 83 46 Regions Visited 2 Branch Regions 1 Pre-discovered Areas . | . . . Known Exits Taken 1 | . 1 . Unknown Exits Taken 1 | 1 . . Scrap Searched 1 | . . 1 Spaces Dug . | . . . Terrain Destroyed 39 | . . 39 Melee . | . . . Projectile . | . . . AOE 39 | . . 39 Terrain Rammed . | . . . Walls Destroyed . | . . . Machines Disabled . | . . . Actions | -11 -10 -10 --------- Run | Yrd Mat Min Total 979 | 80 656 243 Wait 19 | . 19 . Move 851 | 69 559 223 Hop . | . . . Pick Up 16 | 4 10 2 Fast Attach 19 | 5 12 2 Attach 7 | 1 3 3 Detach 4 | . 4 . Swap . | . . . Drop 10 | . 8 2 Fire 41 | . 31 10 Melee . | . . . Ram 12 | 1 10 1 Kick . | . . . Crush . | . . . Escape Stasis . | . . . Rewire . | . . . Trap . | . . . Miscellaneous . | . . . Route ------- -11/Scrapyard -10/Materials (discovered 4 exits: [*Mat x2] / *Min x2) -10/Mines History --------- Turn | Location | Event 27 | -11/Scrapyard | Discovered new exit (range 15) 78 | -11/Scrapyard | Entered Materials 139 | -10/Materials | Discovered new exit (range 12) 334 | -10/Materials | Build established: Mutant 490 | -10/Materials | Discovered new exit (range 13) 559 | -10/Materials | Identified exit to Mines 675 | -10/Materials | Discovered new exit (range 4) 699 | -10/Materials | Central database locked down 729 | -10/Materials | Entered Mines 876 | -10/Mines | Assembled infested the area 881 | -10/Mines | Assisted by a Guerilla fighting off Assembled 941 | -10/Mines | Core integrity fell below 50% 949 | -10/Mines | Core integrity fell below 20% 967 | -10/Mines | Destroyed by D-53 Grenadier with Mini Grenade Launcher Last Messages --------------- 00955_ The unstable cave ceiling collapses. 00955_ U-05 Engineer lays Concrete. 00956_ Wheel destroyed. 00956_ R-06 Scavenger destroyed. 00956_ U-05 Engineer builds a Wall. 00958_ The unstable cave ceiling collapses. 00961_ U-05 Engineer lays Concrete. 00961_ U-05 Engineer builds a Wall. 00962_ U-05 Engineer lays Concrete. 00962_ K-01 Serf collects debris. 00962_ Arm. Wheel destroyed. 00962_ Med. Armor Plating destroyed. 00962_ T-07 Excavator destroyed. 00963_ The unstable cave ceiling collapses. 00963_ U-05 Engineer builds a Wall. 00965_ The unstable cave ceiling collapses. 00965_ U-05 Engineer lays Concrete. 00966_ U-05 Engineer builds a Wall. 00967_ The unstable cave ceiling collapses. 00967_ Lgt. Ion Engine destroyed. Map ----- +----------------------------------------------------+ | ##???????????????????????????????????????? | | ##### ##??????????????????????????????????????? | | #?## ##?????????????????????????????????????? | | ## #?????????????????????????????????????? | | # ##????????????????????????????????????? | | ## ##???????????????????????????????????? | | ?## #???????????????????????????????????? | | ??## #??????##???????????????????????????? | | ???# #?????# ??????????????????????????? | | ??## ####?????# ??????????????????????????? | | ??# #????????# #??????????????????????????? | | ??# ##????????# #??????????????????????????? | | ??# ##?#####???# #??????????????????????????? | | ?## ##### ##??# #??????????????????????????? | | ## # #??# #??????????????????????????? | | # # * #??# ##?????????????????????????? | | # = # !%##### u##?????????????????????????? | | # % # # ## ####???????????????????????? | | ## # ####????????????????????? | | ?# # # < % # ##?#?????????????????? | | ?## # #?????????????????? | | ## # # #??????????????????? | | # d #########????????????? | | d | u #???????????? | | # # % % # ####??????????????? | | = @ #?????????????????? | | # ## # # #??????????????? | | #### #?####### # ##??????????????? | | #??####???????#### ?????????????????? | | " #????????????????## ????????????????? | | ## # ###?????????????????? ??????????????? | | #?#### #????????????????????? #?????????????? | | ?????### #????????????????????? ##?????????????? | | ????????##?????????????????????? #???????????????? | | ?????????????????????????????????????????????????? | | ?????????????????????????????????????????????????? | | ?????????????????????????????????????????????????? | | ?????????????????????????????????????????????????? | | ?????????????????????????????????????????????????? | | ?????????????????????????????????????????????????? | | ?????????????????????????????????????????????????? | | ?????????????????????????????????????????????????? | | ?????????????????????????????????????????????????? | | ?????????????????????????????????????????????????? | | ?????????????????????????????????????????????????? | | | | | | | | | | | +----------------------------------------------------+ Best States ------------- Heat Dissipation 25 Energy Generation 10 Energy Capacity 250 Matter Stores 300 Matter Capacity 300 Sight Range 16 Terrain Scan Density 10 Armor Coverage 225 Resistance: KI 20 Resistance: TH 20 Resistance: EX 20 Resistance: EM 20 Resistance: I 20 Resistance: S 20 Resistance: P 20 Evasion (%) 44 Offensive Hacking 10 Item Schematics ----------------- None Robot Schematics ------------------ None Fabricated ------------ Nothing Alien Tech Used ----------------- None Achievements -------------- None Challenges ------------ None Game ------ Seed DeepAnalysisRedistributor Manual? 0 Play Time 00:12:36 Cumulative 13.9 hours Start 2024.04.08 @ 23:11:20 End 2024.04.08 @ 23:21:22 Sessions 1 Manual Loads 0 Difficulty Adventurer Special Mode None Game No. 38 Rogue 32 Adventurer 6 Explorer 0 Win Type - Total 0 Types 0/0/0/0/0/0/0/0/0 Lore% 13 Gallery% 23 Achievement% 21 Wizard Run 0 Options --------- Layout 2 ASCII 0 Keyboard 1 Movement Arrows Keybinds 0 Fullscreen 2 Font 32/Tamsyn Map View 50x44 Zoom Use 0% Tactical HUD 1 Map Filters NONE Filters NONE Steam 1 RUN: 68a9d44f-c06f-4afd-98e3-d7b831c82889